 Dungeon Crawl Stone Soup version 0.31-a0-1529-g7bd419a0e5 (webtiles) character file.

Game seed: 5844762417867555148

31224 voltaire321 the Cleaver (level 13, -2/118 HPs)
             Began as a Hill Orc Fighter on Dec 31, 2023.
             Was a Follower of Makhleb.
             Killed from afar by a rime drake (6 damage)
             ... with an icy flash freeze
             ... while petrified by a catoblepas
             ... on level 1 of the Lair of Beasts.
             The game lasted 00:40:23 (11081 turns).

voltaire321 the Cleaver (Hill Orc Fighter)         Turns: 11081, Time: 00:40:23

Health: -2/118     AC: 16    Str: 26    XL:     13   Next: 56%
Magic:  20/20      EV:  2    Int:  8    God:    Makhleb [*.....]
Gold:   754        SH:  0    Dex: 10    Spells: 18/22 levels left

rFire   . . .        b - +4 broad axe (freeze)
rCold   + . .        c - +0 buckler
rNeg    + + +        k - +1 steam dragon scales
rPois   ∞            d - +2 helmet of the Desolation of Salt {Regen+ Str+2}
rElec   .            (no cloak)
rCorr   .            r - +1 pair of gloves
SInv    +            D - +0 pair of boots
Will    .....        (no amulet)
Stlth   +            B - ring of see invisible
HPRegen 1.19/turn    F - ring of protection from cold
MPRegen 0.17/turn

%: no passive effects
@: lethally poisoned (-2 -> -2), petrified
A: no striking features
a: Renounce Religion


You were on level 1 of the Lair of Beasts.
You worshipped Makhleb.
Makhleb was aware of your devotion.
You visited 3 branches of the dungeon, and saw 13 of its levels.
You also visited: Sewer and Bailey.

You collected 754 gold pieces.

Inventory:

Hand Weapons
 b - a +4 broad axe of freezing (weapon)
Missiles
 H - 12 poisoned darts
Armour
 c - a +0 buckler (worn)
 d - the +2 helmet of the Desolation of Salt (worn) {Regen+ Str+2}
   (You took it off Robin on level 3 of the Dungeon)

   Str+2:     It affects your strength (+2).
   Regen+:    It increases your rate of health regeneration.
 k - +1 steam dragon scales (worn)
 r - a +1 pair of gloves (worn)
 D - a +0 pair of boots (worn)
Jewellery
 m - a ring of wizardry
 v - a +6 ring of intelligence
 B - a ring of see invisible (left hand)
 F - a ring of protection from cold (right hand)
Wands
 j - a wand of roots (11)
 s - a wand of paralysis (18)
 J - a wand of flame (8)
 K - a wand of mindburst (4)
 L - a wand of polymorph (7)
Scrolls
 h - 3 scrolls of poison
 n - a scroll of fear
 p - 2 scrolls of fog
 q - a scroll of vulnerability
 t - a scroll of immolation
 u - a scroll of revelation
 w - a scroll of acquirement {unknown}
 y - 2 scrolls of noise {unknown}
 C - 3 scrolls of teleportation
Potions
 e - a potion of heal wounds
 f - a potion of invisibility {unknown}
 g - a potion of berserk rage
 i - 4 potions of cancellation
 l - 4 potions of enlightenment
 o - 2 potions of resistance {unknown}
 x - 2 potions of might
 z - 6 potions of magic
 A - 3 potions of haste
 E - a potion of lignification
 G - 2 potions of curing
 I - a potion of brilliance {unknown}
 M - a potion of attraction {unknown}


   Skills:
 + Level 12.1 Fighting
 + Level 12.9 Axes
 + Level 11.2 Armour
 - Level 5.0 Dodging
 + Level 11.2 Shields
 - Level 5.0 Spellcasting
 + Level 6.8 Alchemy
 + Level 4.2 Invocations


You had 18 spell levels left.
You knew the following spells:

 Your Spells              Type           Power      Damage    Failure   Level
a - Olgreb's Toxic Radia  Alch           12%        N/A       19%         4

Your spell library contained the following spells:

 Spells                   Type           Power      Damage    Failure   Level
 Sting                    Conj/Alch      28%        1d4       8%          1
 Mercury Vapours          Alch/Air       14%        N/A       11%         2
 Freeze                   Ice            8%         1d3       28%         1
 Necrotise                Necr           8%         1d4       28%         1
 Slow                     Hex            8%         N/A       28%         1
 Leda's Liquefaction      Alch/Erth      3%         N/A       58%         4
 Call Canine Familiar     Summ           2%         N/A       65%         3
 Confusing Touch          Hex            2%         N/A       65%         3
 Dazzling Flash           Conj/Hex       4%         N/A       65%         3
 Frozen Ramparts          Ice            4%         1d1       65%         3
 Hailstorm                Conj/Ice       2%         3d5       65%         3
 Sigil of Binding         Hex            2%         N/A       65%         3
 Vampiric Draining        Necr           2%         2d6       65%         3
 Volatile Blastmotes      Fire/Tloc      4%         2d10      65%         3
 Dimensional Bullseye     Hex/Tloc       1%         N/A       96%         4
 Martyr's Knell           Necr/Summ      2%         N/A       96%         4
 Curse of Agony           Necr           2%         N/A       100%        5
 Lee's Rapid Deconstruct  Erth           1%         3d4*      100%        5
 Bombard                  Conj/Erth      1%         9d1       100%        6
 Starburst                Conj/Fire      1%         6d3       100%        6
 Haunt                    Necr/Summ      1%         N/A       100%        7
 Maxwell's Capacitive Co  Air            1%         ∞         100%        8


Dungeon Overview and Level Annotations

Branches:
Dungeon (10/15)            Temple (1/1) D:4            Lair (2/5) D:10
  Sewer (visited)          Bailey (visited)
  Swamp: Lair:2-3    Shoals: Lair:2-3     Snake: Lair:2-3    Spider: Lair:2-3
    Orc: D:9-12

Altars:
Ashenzari
Cheibriados
Dithmenos
Elyvilon
Fedhas
Gozag
Hepliaklqana
Kikubaaqudgha
Makhleb
Nemelex Xobeh
Okawaru
Qazlal
Ru
Sif Muna
Trog
Uskayaw
Vehumet
Wu Jian
Xom
Yredelemnul
Zin
The Shining One

Shops:
D:6 =

Annotations:
D:6 2 runed translucent doors, Jeremiah; ShellytheWitch's ghost, novice KoBr


Message History

The catoblepas breathes a plume of calcifying dust at you.
The blast of calcifying dust hits you but does no damage.
The blast of calcifying dust hits the basilisk.
The rime drake bites you.
* * * LOW HITPOINT WARNING * * *
The basilisk is engulfed in calcifying dust.
The basilisk is moving more slowly.
The basilisk gazes at you.
You easily resist.
The polar bear bites you.
* * * LOW HITPOINT WARNING * * *
The polar bear claws you but does no damage. x2
You are engulfed in calcifying dust.
The ice encasing you melts away.
The rime drake bites you but does no damage.
The catoblepas gores you but does no damage.
The polar bear completely misses you.
The polar bear claws you but does no damage.
The polar bear claws you.
* * * LOW HITPOINT WARNING * * *
The basilisk is engulfed in calcifying dust.
The basilisk stops moving altogether!
The rime drake bites you.
* * * LOW HITPOINT WARNING * * *
You are engulfed in calcifying dust.
The catoblepas gores you but does no damage.
The polar bear bites you!
* * * LOW HITPOINT WARNING * * *
The polar bear barely misses you.
The polar bear claws you but does no damage.
The basilisk is engulfed in calcifying dust.
The rime drake barely misses you.
You are engulfed in calcifying dust.
The catoblepas gores you but does no damage.
The polar bear bites you!
* * * LOW HITPOINT WARNING * * *
The polar bear claws you.
* * * LOW HITPOINT WARNING * * *
The polar bear claws you but does no damage.
The rime drake breathes ice at you. The icy flash freeze hits you!
You partially resist.
You die...

###........###...##.#.###...#.###
#...#.#....##...##.#.##......#†
###...###.##........##.##...##...
..........##..........#..#..##.##
....#...##..†.##.#.....###...###
...#....#....#....##....##.....#
..###.....##.........(#..#.#...##
..# #..#..#...8...8.....(........
..###..+..#....Y@l§.........##.#.
....#.........8.kh8........###.##
..........#..........##..#.# #.#
..###.##...#.##...#..#..#.## #.##
..###.####......#......[### #.P#
...##..#####.........###.#####...
...###..## ###......###........#.
..###....# ###'###.#P...#######
...#P....## ##...##.#...##


You could see a catoblepas, a polar bear, a basilisk (petrified) and a rime
drake (catching breath).

Vanquished Creatures
  2 vault guards (Bailey)
  2 hydras (Lair:2)
  2 two-headed ogres
  2 skysharks
  5 black mambas
  3 cane toads
  A torpor snail (Lair:1)
  2 rime drakes
  Maggie (D:9)
  A komodo dragon (Lair:2)
  3 polar bears
  2 hornets
  5 blink frogs (Lair:1)
  Grinder (D:3)
  Prince Ribbit (Bailey)
  6 dream sheep
  Sigmund (D:6)
  2 wraiths (D:10)
  13 yaks
  4 wyverns
  A basilisk (Lair:1)
  3 humans (Bailey)
  2 steam dragons
  Menkaure (D:4)
  12 water moccasins
  2 acid dragons
  2 orc warriors
  A sky beast (D:8)
  2 black bears
  5 ice beasts
  3 ogres
  3 wolves (D:10)
  2 centaurs
  3 phantoms
  2 kobold brigands
  15 bullfrogs
  5 wights (D:10)
  A howler monkey (D:10)
  2 bombardier beetles (D:5)
  A jelly (D:5)
  5 orc priests
  A hound (D:5)
  3 gnoll boudas
  An iguana (D:4)
  A sleepcap (D:5)
  11 orc wizards
  Robin (D:3)
  10 adders
  17 gnolls
  3 white imps
  6 dart slugs
  4 ribbon worms
  30 orcs
  12 ball pythons
  8 bats
  6 endoplasms
  4 giant cockroaches
  26 goblins
  10 hobgoblins
  5 jackals
  7 frilled lizards
  19 kobolds
  9 rats
326 creatures vanquished.

Vanquished Creatures (others)
  2 orc wizards
2 creatures vanquished.

Grand Total: 328 creatures vanquished

Notes
Turn   | Place    | Note
-------+----------+-------------------------------------------
     0 | D:1      | voltaire321 the Hill Orc Fighter began the quest for the
                  | Orb.
     0 | D:1      | Reached XP level 1. HP: 19/19 MP: 1/1
   116 | D:1      | Reached XP level 2. HP: 20/27 MP: 2/2
   737 | D:2      | Got the Handbook of Blasphemous Magic
   767 | D:2      | Reached XP level 3. HP: 33/33 MP: 3/3
   982 | D:2      | Reached skill level 1 in Dodging
  1100 | D:2      | Reached XP level 4. HP: 32/40 MP: 4/4
  1629 | D:3      | Identified the +0 robe of the Garden {Fly Will- Archmagi}
  1756 | D:3      | Noticed Grinder
  1758 | D:3      | Paralysed by Grinder for 5 turns
  1772 | D:3      | Killed Grinder
  1773 | D:3      | Reached XP level 5. HP: 17/47 MP: 5/5
  1773 | D:3      | Reached XP level 6. HP: 19/55 MP: 6/6
  1916 | D:3      | Identified the +2 helmet of the Desolation of Salt {Regen+
                  | Str+2}
  1916 | D:3      | Noticed Robin
  1930 | D:3      | Killed Robin
  2061 | D:3      | Identified the +0 barding "Ymeazat" {rCorr Dex+4 Stlth-}
  2427 | D:4      | Reached skill level 5 in Fighting
  2557 | D:4      | Found a glowing drain.
  2561 | Sewer    | Entered a sewer
  2770 | Sewer    | Reached XP level 7. HP: 46/61 MP: 7/7
  2980 | D:4      | Reached skill level 5 in Axes
  2980 | D:4      | Reached skill level 5 in Armour
  3063 | D:4      | Noticed Menkaure
  3076 | D:4      | Killed Menkaure
  3077 | D:4      | Reached skill level 5 in Shields
  3163 | D:4      | Found a staircase to the Ecumenical Temple.
  3169 | Temple   | Entered the Ecumenical Temple
  3298 | D:5      | Entered Level 5 of the Dungeon
  3556 | D:5      | Reached XP level 8. HP: 40/70 MP: 8/8
  4409 | D:6      | Noticed Jeremiah
  4770 | D:6      | Found a runed translucent door.
  4810 | D:6      | Noticed ShellytheWitch's ghost (novice KoBr)
  4815 | D:6      | Noticed Sigmund
  4824 | D:6      | Reached XP level 9. HP: 29/78 MP: 9/9
  4827 | D:6      | Killed Sigmund
  4905 | D:6      | Found Xallanne's Jewellery Shoppe.
  4906 | D:6      | Found a runed translucent door.
  5018 | D:6      | HP: 2/79 [ice beast (10)]
  6433 | D:8      | Reached XP level 10. HP: 88/88 MP: 10/10
  6886 | D:9      | Reached skill level 10 in Fighting
  6886 | D:9      | Reached skill level 10 in Axes
  6886 | D:9      | Reached XP level 11. HP: 101/101 MP: 11/11
  6887 | D:9      | Reached skill level 5 in Alchemy
  6887 | D:9      | Reached XP level 12. HP: 107/107 MP: 11/18
  6937 | D:9      | Learned a level 4 spell: Olgreb's Toxic Radiance
  6970 | D:9      | Paralysed by a hornet for 1 turns
  6975 | D:9      | Paralysed by a hornet for 2 turns
  6983 | D:9      | Reached skill level 5 in Dodging
  7219 | D:9      | Noticed a two-headed ogre
  7226 | D:9      | Killed a two-headed ogre
  7348 | D:9      | Noticed Maggie
  7366 | D:9      | Killed Maggie
  7952 | D:10     | Entered Level 10 of the Dungeon
  8012 | D:10     | Found a flagged portal.
  8026 | Bailey   | Entered a bailey
  8262 | Bailey   | Noticed a vault guard
  8262 | Bailey   | Noticed Prince Ribbit
  8307 | Bailey   | Killed Prince Ribbit
  8315 | Bailey   | Killed a vault guard
  8316 | Bailey   | Reached skill level 10 in Armour
  8316 | Bailey   | Reached skill level 10 in Shields
  8316 | Bailey   | Reached skill level 5 in Spellcasting
  8445 | Bailey   | Noticed a vault guard
  8464 | Bailey   | Killed a vault guard
  8593 | D:10     | Found a staircase to the Lair.
  8594 | D:10     | Noticed a two-headed ogre
  8609 | D:10     | Killed a two-headed ogre
  8628 | D:10     | Paralysed by a hornet for 3 turns
  8853 | D:10     | Found a snail-covered altar of Cheibriados.
  8906 | D:10     | Found a glowing golden altar of the Shining One.
  8906 | D:10     | Found a burning altar of Makhleb.
  8910 | D:10     | Found a shadowy altar of Dithmenos.
  8910 | D:10     | Found an ornate altar of the Wu Jian Council.
  9247 | D:10     | Found a radiant altar of Vehumet.
  9298 | D:10     | Found an ancient bone altar of Kikubaaqudgha.
  9432 | D:10     | Found a hide-covered altar of Uskayaw.
  9433 | D:10     | Found a blossoming altar of Fedhas.
  9440 | D:10     | Became a worshipper of Makhleb the Destroyer
  9599 | Lair:1   | Entered Level 1 of the Lair of Beasts
  9676 | Lair:1   | Reached skill level 1 in Invocations
  9684 | Lair:1   | Reached XP level 13. HP: 55/116 MP: 20/20
 10301 | Lair:1   | Reached * piety under Makhleb
 10351 | Lair:1   | Found the +8 whip "Snakebite" {venom, curare, rPois}
 10587 | Lair:2   | Identified the +0 robe "Runguwk" {-Cast rC+ rN+ Str+4}
 10982 | Lair:2   | Paralysed by a hornet for 3 turns
 10986 | Lair:2   | Paralysed by a hornet for 1 turns
 11081 | Lair:1   | HP: 5/118 [polar bear (5)]
 11081 | Lair:1   | Killed from afar by a rime drake

Illustrated notes

Levels and vault maps discovered:
D:1:      minmay_arrival_split_and_join, layout_basic, minivault_4
D:2:      layout_loops_cross, chequers_big_river
D:3:      minmay_chambers_of_twos, layout_rooms, serial_glass, glass_columns_c,
          glass_columns_a, kennysheep_donut,
          wander_ebering_terrifying_dragon_lair, uniq_robin, uniq_grinder
D:4:      layout_rooms, minmay_temple_entry_metal_lava,
          mainiacjoe_sewer_entry_somewhere_in_here_2,
          serial_library_regret_index_split_case, uniq_menkaure
D:5:      layout_basic, glass_columns_a, chequers_mini_garden,
          minmay_misc_feat_alley
D:6:      layout_basic, ebering_ghost_sewer_f, serial_curves, eino_curves_01,
          eino_curves_01, minmay_shop_enchanted_jewellery, uniq_sigmund,
          uniq_jeremiah
D:7:      layout_loops_corners
D:8:      layout_basic, hangedman_decor_peaks_small
D:9:      layout_long_grid, uniq_maggie
D:10:     layout_loops_cross, mainiacjoe_overflow_tiny_flanked,
          grunt_temple_overflow_open,
          chequers_temple_overflow_statue_of_worship, hellmonk_lair_entry_icy,
          enter_bailey_3, dreamdust_gnoll_shepherd
Temple:   nicolae_temple_god_jail
Lair:1:   minmay_guarded_unrand_snakebite, layout_loops_ring,
          grunt_megastairs_2, infiniplex_staircase_pool_2, lemuel_fruit_fields
Lair:2:   layout_roguey, grunt_megastairs_5

Skill      XL: |  1  2  3  4  5  6  7  8  9 10 11 12 13 |
---------------+----------------------------------------+-----
Axes           | 3 4 5 7 8 10 12 | 12.9
Fighting       | 4 5 6 8 10 11 12 | 12.1
Dodging        | 1 2 3 4 5 |  5.0
Armour         | 4 5 6 7 9 10 11 | 11.2
Shields        | 4 5 6 7 9 10 11 | 11.2
Spellcasting   | 4 5 |  5.0
Alchemy        | 5 6 |  6.8
Invocations    | 1 4 |  4.2

Action                     |  1- 3 |  4- 6 |  7- 9 | 10-12 | 13-15 || total
---------------------------+-------+-------+-------+-------+-------++-------
  Melee: War axe           |    88 |   187 |   404 |   174 |       ||   853
         Broad axe         |       |       |       |   123 |   137 ||   260
  Throw: Dart              |       |       |     1 |     3 |       ||     4
   Cast: Olgreb's Toxic Ra |       |       |       |     3 |       ||     3
  Evoke: Wand              |       |       |       |     1 |     1 ||     2
    Use: Potion            |       |     1 |     4 |     9 |     1 ||    15
         Scroll            |       |       |       |    22 |     1 ||    23
 Armour: Scale mail        |    54 |   146 |   324 |    48 |       ||   572
         Steam dragon scal |       |       |       |   175 |   252 ||   427
  Dodge: Dodged            |    49 |   107 |   217 |   187 |   117 ||   677
  Block: Buckler           |    25 |    42 |    97 |    87 |    59 ||   310

Table legend: (Time is in decaauts)
 A = Elapsed time spent in this place.
 B = Non-inter-level travel time spent in this place.
 C = Inter-level travel time spent in this place.
 D = Time resting spent in this place.
 E = Time spent auto-exploring this place.
 F = Levels seen in this place.
 G = Mean time per level.
                   A        B        C        D        E       F      G
               +--------+--------+--------+--------+--------+-----+--------+
         Total |  11337 |  10441 |    896 |   1361 |   5899 |  15 |  755.8 |
       Dungeon |   9058 |   8189 |    869 |    887 |   4981 |  10 |  905.8 |
        Temple |      8 |      6 |      2 |      0 |      0 |   1 |    8.0 |
          Lair |   1501 |   1477 |     24 |    310 |    756 |   2 |  750.5 |
         Sewer |    289 |    289 |      0 |      0 |    110 |   1 |  289.0 |
        Bailey |    480 |    480 |      0 |    164 |     52 |   1 |  480.0 |
               +--------+--------+--------+--------+--------+-----+--------+

Top non-repeatable levels by time:
     D:5: 1522 daAuts
     D:9: 1262 daAuts
  Lair:1: 1107 daAuts
     D:7: 954 daAuts
    D:10: 920 daAuts
     D:2: 872 daAuts
     D:3: 836 daAuts
     D:4: 800 daAuts
     D:1: 727 daAuts
     D:8: 665 daAuts
     D:6: 496 daAuts
  Bailey: 480 daAuts
  Lair:2: 394 daAuts
   Sewer: 289 daAuts
  Temple: 8 daAuts
